 Dungeon Crawl Stone Soup version 0.24.0-123-gd5b16e6ec5 (webtiles) character file.

Game seed: 3776570399241273253, levelgen mode: deterministic

2504 Delamore the Severer (level 9, -2/70 HPs)
             Began as a Hill Orc Fighter on Dec 23, 2019.
             Was a Believer of Okawaru.
             Shot with an arrow by a centaur warrior (19 damage)
             ... on level 8 of the Dungeon.
             The game lasted 00:08:50 (8332 turns).

Delamore the Severer (Hill Orc Fighter)             Turns: 8332, Time: 00:08:50

Health: -2/70      AC: 16    Str: 22    XL:     9   Next: 53%
Magic:  9/9        EV:  4    Int:  8    God:    Okawaru [**....]
Gold:   447        SH:  9    Dex: 10    Spells: 8/8 levels left

rFire    . . .     SeeInvis .   a - +0 war axe
rCold    . . .     Gourm    .   c - +0 shield
rNeg     . . .     Faith    .   F - +0 plate armour
rPois    .         Spirit   .   y - +0 helmet
rElec    .         Reflect  .   C - +0 cloak
rCorr    .         Harm     .   (no gloves)
MR       .....                  B - +2 pair of boots
Stlth    ..........             (no amulet)
HPRegen  0.21/turn              m - ring of stealth
MPRegen  0.11/turn              (no ring)

@: no status effects
A: no striking features
a: Heroism, Renounce Religion, Convert to Beogh


You were on level 8 of the Dungeon.
You worshipped Okawaru.
Okawaru was pleased with you.
You were not hungry.

You visited 2 branches of the dungeon, and saw 9 of its levels.

You collected 447 gold pieces.

Inventory:

Hand Weapons
 a - a +0 war axe (weapon)
Missiles
 q - 5 javelins (quivered)
Armour
 c - a +0 shield (worn)
 y - a +0 helmet (worn)
 B - a +2 pair of boots (worn)
 C - a +0 cloak (worn)
 F - a +0 plate armour (worn)
Jewellery
 m - a ring of stealth (left hand)
 v - a +4 ring of intelligence
Wands
 b - a wand of flame (17)
 t - a wand of polymorph (10)
 A - a wand of acid (7)
Scrolls
 e - a scroll of random uselessness
 i - 5 scrolls of identify
 k - a scroll of noise
 l - a scroll of enchant armour
 n - 2 scrolls of teleportation
 o - 2 scrolls of fear {unknown}
 p - 5 scrolls of remove curse
 r - 3 scrolls of magic mapping {unknown}
 s - a scroll of blinking
 x - 3 scrolls of immolation {unknown}
 z - 2 scrolls of enchant weapon {unknown}
Potions
 d - 2 potions of might
 g - 2 potions of curing
 h - 3 potions of flight
 j - a potion of lignification
 u - 3 potions of haste
 w - a potion of degeneration
 D - a potion of agility
Comestibles
 f - 14 rations
 E - 3 chunks of flesh


   Skills:
 - Level 3.6 Fighting
 + Level 15.5 Axes
 - Level 3.2 Armour
 - Level 3.2 Shields


You had 8 spell levels left.
You didn't know any spells.
Your spell library was empty.

Dungeon Overview and Level Annotations

Branches:
Dungeon (8/15)             Temple (1/1) D:4
   Lair: D:8-11

Altars:
Ashenzari
Cheibriados
Dithmenos
Elyvilon
Fedhas
Gozag
Hepliaklqana
Kikubaaqudgha
Makhleb
Nemelex Xobeh
Okawaru
Qazlal
Ru
Sif Muna
Trog
Uskayaw
Vehumet
Wu Jian
Xom
Yredelemnul
Zin
The Shining One

Shops:
D:6 *

Annotations:
D:8 Psyche


Message History

The weapon returns to the orc!
The orc throws a boomerang.
The boomerang hits you but does no damage.
The weapon returns to the orc!
There is a stone staircase leading up, spattered with blood here.
You see here 8 arrows.
The centaur warrior shoots an arrow.
The arrow hits you.
The orc throws a boomerang.
You block the boomerang.
The weapon returns to the orc!
The orc priest mumbles some strange prayers to Beogh against you.
You struggle to resist.
Unknown command.
The centaur warrior shoots an arrow.
The arrow hits you!
The orc priest shouts, "Join the one true god or die!"
Unknown command.
The centaur warrior shoots an arrow.
The arrow hits you!!
* * * LOW HITPOINT WARNING * * *
x2 The orc throws a boomerang.
You block the boomerang.
The weapon returns to the orc!
You block the orc priest's attack.
The centaur warrior shoots an arrow.
The arrow hits you!!
You die...

..## # ...# #.
...### #..
###....[# #...
#........ #....
#........
......#Z(.o....
.......@.......
#.$...o........
.....o.......##
......c.....##
......##......
...... ......#
##.... .....##
..... .....#


You could see a centaur warrior, 2 orc priests, an orc and a centaur warrior
zombie.

Vanquished Creatures
  Duvessa (D:4)
  An orc warrior (D:7)
  3 sky beasts
  An ice beast (D:5)
  An ogre (D:4)
  2 centaurs
  A bullfrog (D:7)
  Dowan (D:4)
  3 scorpions
  5 killer bees (D:7)
  3 howler monkeys
  2 crimson imps
  A bullfrog zombie (D:5)
  A hound (D:7)
  4 orc priests
  A jelly (D:5)
  8 orc wizards
  A centaur skeleton (D:5)
  2 iguanas
  Natasha (twice) (D:2)
  Terence (D:2)
  5 worker ants
  A killer bee zombie (D:6)
  2 hound skeletons
  3 gnolls (D:6)
  15 adders
  2 oozes
  An adder skeleton (D:4)
  2 worms (D:4)
  3 leopard geckos
  28 orcs
  7 bats
  7 giant cockroaches
  7 goblins
  7 hobgoblins
  2 quokkas
  2 ball pythons
  4 frilled lizards
  2 kobolds
  8 rats
153 creatures vanquished.

Vanquished Creatures (others)
  An orc warrior (D:8)
1 creature vanquished.

Grand Total: 154 creatures vanquished

Notes
Turn   | Place    | Note
-------+----------+-------------------------------------------
     0 | D:1      | Delamore the Hill Orc Fighter began the quest for the Orb.
     0 | D:1      | Reached XP level 1. HP: 19/19 MP: 1/1
    95 | D:1      | Reached skill level 3 in Axes
   322 | D:1      | Reached XP level 2. HP: 24/26 MP: 2/2
   509 | D:1      | Reached skill level 4 in Axes
   928 | D:2      | Reached XP level 3. HP: 26/31 MP: 3/3
  1032 | D:2      | Reached skill level 5 in Axes
  1221 | D:2      | Noticed Terence
  1235 | D:2      | Killed Terence
  1235 | D:2      | Reached XP level 4. HP: 30/39 MP: 4/4
  1256 | D:2      | Noticed Natasha
  1259 | D:2      | Killed Natasha
  1259 | D:2      | Reached skill level 6 in Axes
  1376 | D:2      | Noticed Natasha
  1387 | D:2      | Killed Natasha
  1531 | D:2      | Reached XP level 5. HP: 45/45 MP: 5/5
  1735 | D:2      | Found a shimmering blue altar of Sif Muna.
  1735 | D:2      | Found a sacrificial altar of Ru.
  1735 | D:2      | Found a bloodstained altar of Trog.
  1735 | D:2      | Found a hazy altar of Hepliaklqana.
  1995 | D:3      | Reached skill level 7 in Axes
  2652 | D:4      | Reached skill level 8 in Axes
  2652 | D:4      | Reached XP level 6. HP: 49/51 MP: 6/6
  2697 | D:4      | Reached skill level 9 in Axes
  3053 | D:4      | Reached XP level 7. HP: 36/57 MP: 7/7
  3129 | D:4      | Reached skill level 10 in Axes
  3176 | D:4      | Found a staircase to the Ecumenical Temple.
  3203 | Temple   | Entered the Ecumenical Temple
  3265 | Temple   | Became a worshipper of Warmaster Okawaru
  3389 | D:5      | Entered Level 5 of the Dungeon
  3465 | D:5      | Reached skill level 11 in Axes
  3561 | D:5      | Reached XP level 8. HP: 39/64 MP: 8/8
  3586 | D:5      | Reached * piety under Okawaru
  3997 | D:5      | Noticed Dowan
  4000 | D:5      | Noticed Duvessa
  4023 | D:4      | Killed Duvessa
  4023 | D:4      | Reached skill level 12 in Axes
  4030 | D:4      | Killed Dowan
  4699 | D:5      | Found a blossoming altar of Fedhas.
  4944 | D:5      | Reached skill level 13 in Axes
  5232 | D:6      | Found Codgh's Mayhem Merchandise.
  5664 | D:6      | Reached skill level 14 in Axes
  5664 | D:6      | Reached XP level 9. HP: 30/70 MP: 9/9
  5709 | D:6      | Reached ** piety under Okawaru
  6739 | D:7      | Reached skill level 15 in Axes
  7039 | D:7      | Found a shadowy altar of Dithmenos.
  7553 | D:8      | Noticed Psyche
  7732 | D:8      | Noticed a centaur warrior
  8332 | D:8      | Shot with an arrow by a centaur warrior

Levels and vault maps discovered:
D:1:      dpeg_arrival_tiny_k, layout_basic, minmay_hedge_maze,
          serial_park_tiny_2, ebering_dispersal_statue_hall, lemuel_flame_loot_1
D:2:      layout_loops_corners, minitemple, uniq_terence, uniq_natasha
D:3:      layout_basic, first_ration
D:4:      layout_rooms, minmay_temple_entry_large_hall
D:5:      layout_loops_ring, lemuel_statue_altar, uniq_duvessa
D:6:      layout_loops_ring, roderic_lattice_a, minmay_shop_mayhem,
          hangedman_abyss_or_decor_lesser_grid, bh_walls_and_bars
D:7:      layout_basic, basic_altar
D:8:      layout_cave_pools, uniq_psyche, uniq_pikel
Temple:   compressed_dpeg_circular_temple

Skill      XL: |  1  2  3  4  5  6  7  8  9 |
---------------+----------------------------+-----
Axes           | 3 4 5 6 8 9 11 14 15 | 15.5
Fighting       | |  3.6
Armour         | |  3.2
Shields        | |  3.2

Action                   |  1- 3 |  4- 6 |  7- 9 || total
-------------------------+-------+-------+-------++-------
Melee: War axe           |   103 |   198 |   351 ||   652
Throw: Javelin           |       |       |     3 ||     3
  Use: Scroll            |       |       |     9 ||     9
       Potion            |       |       |     2 ||     2
  Eat: Chunk             |     1 |     6 |    17 ||    24
Armor: Scale mail        |    34 |    54 |   108 ||   196
       Skin              |       |       |    12 ||    12
       Plate armour      |       |       |    24 ||    24
Dodge: Dodged            |    28 |    41 |    65 ||   134
Block: Shield            |    61 |    68 |   136 ||   265
